 Dungeon Crawl Stone Soup version 0.29.0-4-gdea44cf6ec (webtiles) character file.

Game seed: 2612508844503610610

16 qw the Chopper (level 2, -1/24 HPs)
             Began as a Demonspawn Cinder Acolyte on Sept 9, 2022.
             Was a High Priest of Ignis.
             Succumbed to their own poison gas
             ... on level 1 of the Dungeon.
             The game lasted 00:00:20 (1423 turns).

qw the Chopper (Demonspawn Cinder Acolyte)          Turns: 1423, Time: 00:00:21

Health: -1/24      AC:  8    Str: 14    XL:     2   Next: 37%
Magic:  3/3        EV:  5    Int: 15    God:    Ignis [*****.]
Gold:   37         SH:  0    Dex:  8    Spells: 3/3 levels left

rFire   + . .      SeeInvis .   Y - -1 hand axe (flame)
rCold   . . .      Faith    .   (no shield)
rNeg    . . .      Spirit   .   j - +0 chain mail
rPois   .          Reflect  .   (no helmet)
rElec   .          Harm     .   (no cloak)
rCorr   .          Rampage  .   (no gloves)
Will    .....                   (no boots)
Stlth   ..........              (no amulet)
HPRegen 0.08/turn               (no ring)
MPRegen 0.08/turn               (no ring)

@: lethally poisoned (-1 -> -9), weak-willed
A: claws 1
a: Renounce Religion, Fiery Armour, Foxfire Swarm, Rising Flame


You were on level 1 of the Dungeon.
You worshipped Ignis.
Ignis was extremely pleased with you.
You visited 1 branch of the dungeon, and saw 1 of its levels.

You collected 37 gold pieces.


Innate Abilities, Weirdness & Mutations

You have sharp fingernails.


   Skills:
 - Level 3.0 Fighting
 - Level 3.4 Axes
 + Level 0.0 Armour
 - Level 1.0 Spellcasting
 - Level 2.6 Fire Magic


You had 3 spell levels left.
You didn't know any spells.
Your spell library contained the following spells:

 Spells                   Type           Power      Damage    Failure   Level
 Scorch                   Fire           16%        2d6       98%         2

Inventory:

Hand Weapons
 Y - a -1 hand axe of flaming (weapon)
Armour
 j - a +0 chain mail (worn)
Potions
 c - a potion of cancellation {unknown}
 h - a potion of curing {unknown}
 k - a potion of invisibility {unknown}
 l - a potion of brilliance {unknown}

Dungeon Overview and Level Annotations

Branches:
Dungeon (1/15)

Altars:


Message History

You continue putting on your +0 chain mail. x5
You finish putting on your +0 chain mail.
1414 ||| DROPPING +0 ring mail.
You drop a +0 ring mail.
Done exploring.
1415 ||| READING scroll labelled HEDDUT OVONN.
The air fills with toxic fumes!
As you read the scroll labelled HEDDUT OVONN, it crumbles to dust.
It was a scroll of poison.
Done exploring.
1416 ||| READING scroll labelled SININI GOCLI.
As you read the scroll labelled SININI GOCLI, it crumbles to dust.
Magic quickly surges around you.
It was a scroll of vulnerability.
Done exploring.
1417 ||| READING scroll labelled FOURACICIXE.
As you read the scroll labelled FOURACICIXE, it crumbles to dust.
It is a scroll of identify.
Really abort (and waste the scroll)?
Done exploring.
1418 ||| READING scroll labelled VAYMYKL MEDWON.
As you read the scroll labelled VAYMYKL MEDWON, it crumbles to dust.
It is a scroll of amnesia.
You feel forgetful for a moment.
Done exploring.
(D) Dungeon
Where to? (* - list waypoints, ? - help)
What level of the Dungeon? (default 1, ? - help) Sorry, I don't know how to get there.
Done exploring.
1419 ||| Stepping randomly (stuck).
Really walk into that cloud of poison gas?
You are engulfed in poison gas.
You are poisoned.
You feel very sick.
There is an open door here.
1420 ||| Stepping ~*~*~tactically~*~*~ (cloud).
You feel very sick.
There is a lethal amount of poison in your body!
You feel very sick.
There is a lethal amount of poison in your body!
You feel very sick.
There is a lethal amount of poison in your body!
You die...

#.# ##'## #.# ####..# #.##.###.#
#.###...###.# #¤....# #........#
#.##.....##.# #¤###.# #######.##
#.#.......#.###¤¤##.# ##.##
.............¤0¤0¤..#########...#
..............¤¤0¤...............
##..........###¤¤¤#.#########...#
##.......#.# #¤¤¤##### ######.##
##.....##.# #.@#[..~# #......##
##...###.# ####...~# #........
##'## #.# #...~# #..##.%##
#####.####.######...~# #......#
#........#.....[#~~~~###.....###
##.###.##.############'##........
##.##..............# #.........##
..........########## ###.......#
##........# #.......#


There were no monsters in sight!

Vanquished Creatures
  An endoplasm (D:1)
  2 hobgoblins (D:1)
  3 jackals (D:1)
  2 quokkas (D:1)
  A ball python (D:1)
  A bat (D:1)
  2 frilled lizards (D:1)
  3 rats (D:1)
15 creatures vanquished.

Notes
Turn   | Place    | Note
-------+----------+-------------------------------------------
     0 | D:1      | qw the Demonspawn Cinder Acolyte began the quest for the
                  | Orb.
     0 | D:1      | Reached XP level 1. HP: 18/18 MP: 2/2
     0 | D:1      | 0 ||| qw: Version: 0.1-a-113-g051387a
     0 | D:1      | 0 ||| qw: Game counter: 7149
     0 | D:1      | 0 ||| qw: Always use a shield: true
     0 | D:1      | 0 ||| qw: God list: Okawaru
     0 | D:1      | 0 ||| qw: Allow faded altars: false
     0 | D:1      | 0 ||| qw: Do Orc after D:15 true
     0 | D:1      | 0 ||| qw: Do second Lair branch before Depths: true
     0 | D:1      | 0 ||| qw: Lair rune preference: random
     0 | D:1      | 0 ||| qw: Plans: Normal
     0 | D:1      | 0 ||| PLANNING D:1-11
   447 | D:1      | Reached skill level 3 in Axes
   613 | D:1      | 613 ||| INVOKING Fiery Armour.
   615 | D:1      | Gained mutation: You have sharp fingernails. [demonic
                  | ancestry]
   615 | D:1      | Reached XP level 2. HP: 12/24 MP: 3/3
   952 | D:1      | 952 ||| INVOKING Fiery Armour.
  1382 | D:1      | 1382 ||| UPGRADING to +0 leather armour.
  1392 | D:1      | 1392 ||| DROPPING +0 robe.
  1393 | D:1      | 1393 ||| UPGRADING to +0 ring mail.
  1403 | D:1      | 1403 ||| DROPPING +0 leather armour.
  1404 | D:1      | 1404 ||| UPGRADING to +0 chain mail.
  1414 | D:1      | 1414 ||| DROPPING +0 ring mail.
  1415 | D:1      | 1415 ||| READING scroll labelled HEDDUT OVONN.
  1416 | D:1      | 1416 ||| READING scroll labelled SININI GOCLI.
  1417 | D:1      | 1417 ||| READING scroll labelled FOURACICIXE.
  1418 | D:1      | 1418 ||| READING scroll labelled VAYMYKL MEDWON.
  1419 | D:1      | 1419 ||| Stepping randomly (stuck).
  1420 | D:1      | 1420 ||| Stepping ~*~*~tactically~*~*~ (cloud).
  1421 | D:1      | HP: 4/24 [poisoned by you (poison gas)]
  1422 | D:1      | HP: 1/24 [poisoned by you (poison gas)]
  1423 | D:1      | Succumbed to their own poison gas

Levels and vault maps discovered:
D:1:      lemuel_arrival_muddy, layout_loops_corners,
          chequers_serial_rivers_room_a

Skill      XL: |  1 |
---------------+----+-----
Axes           | 3 |  3.4
Fighting       | |  3.0
Spellcasting   | |  1.0
Fire Magic     | |  2.6

Action                   || total
-------------------------++-------
Melee: Hand axe          ||    74
       Punch             ||     1
Invok: Fiery Armour      ||     2
  Use: Scroll            ||     4
Armor: Robe              ||     9
Dodge: Dodged            ||    55

Table legend:
 A = Non-vault XP
 B = Vault XP
 C = Vault XP percentage of total XP
 D = Non-vault monster count
 E = Vault monster count
 F = Vault count percentage of total count
                 A         B        C        D         E       F
            +---------+---------+-------+---------+---------+-------
      Total |      23 |       0 |   0.0 |      15 |       0 |   0.0
            +---------+---------+-------+---------+---------+-------
        D:1 |      23 |       0 |   0.0 |      15 |       0 |   0.0
            +---------+---------+-------+---------+---------+-------
